 Dungeon Crawl Stone Soup version 0.29-a0-732-g3d7fbe0af2 (webtiles) character file.

Game seed: 1730784342254697200

495922 buhh the Alchemist (level 24, -14/319 HPs)
             Began as an Octopode Transmuter on June 29, 2022.
             Was a High Priest of Cheibriados.
             Demolished by a rockslime (15 damage)
             ... on level 5 of the Pits of Slime.
             The game lasted 02:25:26 (72075 turns).

buhh the Alchemist (Octopode Transmuter)           Turns: 72075, Time: 02:25:26

Health: -14/319    AC:  7    Str: 33    XL:     24   Next: 82%
Magic:  16/59      EV: 32    Int: 48    God:    Cheibriados [*****.]
Gold:   8862       SH: 11    Dex: 34    Spells: 9/27 levels left

rFire   + + +      SeeInvis +     - Unarmed
rCold   + . .      Faith    .   a - +3 buckler {reflect}
rNeg    + + +      Spirit   .   q - +2 hat "Orucetil" {rC+}
rPois   ∞          Reflect  +   A - amulet of Bosar {rN+ Will+ Regen+}
rElec   +          Harm     .   o - ring "Saor" {rElec rPois rC+}
rCorr   +          Rampage  .   J - +6 ring of intelligence
Will    ++...      Rage     3%  S - +6 ring of intelligence
Stlth   ..........              u - ring "Locih" {MP+9 Str+7}
HPRegen 1.43/turn               n - ring of Ruocep {rF+ rN+ rCorr Dex-3 SInv Stlth+}
MPRegen 0.36/turn               b - ring "Ablyuquhu" {Fire MP+9 Dex+7}
                                p - ring "Sefyucux" {rElec rF++ Str+6}
                                r - ring of magical power

@: mighty, berserking (expiring), statue-form, corroded, very slightly
contaminated, very slow
A: slow and powerful, torment resistance 1, boosted hp, almost no armour,
amphibious, 8 rings, camouflage 1, (gelatinous body 1), (nimble swimmer 1),
tentacles, agile 1, berserk 1, deterioration 1, fire resistance 1, frail 1,
evolution 1
}: 3/15 runes: decaying, silver, gossamer
a: End Transformation, Renounce Religion, Bend Time, Temporal Distortion,
Slouch, Step From Time


You were on level 5 of the Pits of Slime.
You worshipped Cheibriados.
Cheibriados was extremely pleased with you.
You were a living statue of rough stone.
You visited 9 branches of the dungeon, and saw 46 of its levels.
You visited the Abyss 2 times.
You also visited: Trove and Ice Cave.

You collected 9381 gold pieces.
You spent 519 gold pieces at shops.

Inventory:

Missiles
 w - 9 throwing nets {!f}
Armour
 a - a +3 buckler of reflection (worn)
 q - the +2 hat "Orucetil" (worn) {rC+}
   (You found it on level 4 of the Spider Nest)

   rC:        It protects you from cold.
Jewellery
 b - the ring "Ablyuquhu" (on tentacle) {Fire MP+9 Dex+7}
   (You found it in a treasure trove)

   [ring of fire]

   It enhances your fire magic.
   Dex:       It affects your dexterity (+7).
   rF:        It protects you from fire.
   rC:        It makes you vulnerable to cold.
   MP:        It affects your magic capacity (+9).
 g - a +4 ring of evasion
 i - the amulet of Coronation {Spirit rN+ Str-4 Dex+3}
   (You found it on level 3 of the Depths)

   [amulet of guardian spirit]

   It causes incoming damage to be divided between your reserves of health and
   magic.
   Str:       It affects your strength (-4).
   Dex:       It affects your dexterity (+3).
   rN:        It protects you from negative energy.
 l - the ring of Viyceuprod {rF+ rCorr Dex+4}
   (You found it in a treasure trove)

   [ring of resist corrosion]

   Dex:       It affects your dexterity (+4).
   rF:        It protects you from fire.
   rCorr:     It protects you from acid and corrosion.
 n - the ring of Ruocep (on tentacle) {rF+ rN+ rCorr Dex-3 SInv Stlth+}
   (You acquired it on level 6 of the Lair of Beasts)

   [ring of positive energy]

   Dex:       It affects your dexterity (-3).
   rF:        It protects you from fire.
   rN:        It protects you from negative energy.
   SInv:      It lets you see invisible.
   rCorr:     It protects you from acid and corrosion.
   Stlth:     It makes you more stealthy.
 o - the ring "Saor" (left tentacle) {rElec rPois rC+}
   (You found it in a treasure trove)

   [ring of poison resistance]

   rC:        It protects you from cold.
   rElec:     It insulates you from electricity.
   rPois:     It protects you from poison.
 p - the ring "Sefyucux" (on tentacle) {rElec rF++ Str+6}
   (You found it on level 3 of the Depths)

   [ring of strength]

   Str:       It affects your strength (+6).
   rF:        It greatly protects you from fire.
   rElec:     It insulates you from electricity.
 r - a ring of magical power (on tentacle)
 u - the ring "Locih" (on tentacle) {MP+9 Str+7}
   (You took it off an ironbound convoker on level 5 of the Vaults)

   [ring of magical power]

   Str:       It affects your strength (+7).
   MP:        It affects your magic capacity (+9).
 A - the amulet of Bosar (around mantle) {rN+ Will+ Regen+}
   (You found it in a treasure trove)

   [amulet of regeneration]

   rN:        It protects you from negative energy.
   Regen:     It increases your rate of health regeneration.
   Will:      It increases your willpower.
 C - the amulet of Kaniodaa {Acrobat Str+4}
   (You found it in a treasure trove)

   [amulet of the acrobat]

   It increases your evasion while moving and waiting.
   Str:       It affects your strength (+4).
 J - a +6 ring of intelligence (right tentacle)
 O - a +4 ring of evasion
 R - a ring of resist corrosion
 S - a +6 ring of intelligence (on tentacle)
 W - a ring of fire
Wands
 d - a wand of iceblast (29)
 m - a wand of flame (72)
 v - a wand of digging (21)
 x - a wand of polymorph (36)
 y - a wand of mindburst (40)
 D - a wand of acid (16)
 G - a wand of paralysis (49)
Scrolls
 s - 4 scrolls of brand weapon
 t - 15 scrolls of teleportation {!d}
 z - 8 scrolls of poison
 F - 5 scrolls of enchant weapon
 I - 2 scrolls of silence {!r}
 P - 4 scrolls of magic mapping {!r!d}
 Q - 4 scrolls of fog
 T - 7 scrolls of immolation {!d}
 X - 5 scrolls of amnesia
 Y - 4 scrolls of fear {!r}
 Z - a scroll of enchant armour
Potions
 f - a potion of might
 h - 6 potions of berserk rage {!q}
 k - 7 potions of flight
 B - 9 potions of ambrosia {!q!d}
 H - 2 potions of invisibility {!q!d}
 K - 3 potions of brilliance {!q!d}
 L - 6 potions of resistance {!q!d}
 M - a potion of heal wounds {!q!d}
 N - 10 potions of curing {!q!d}
 V - 8 potions of cancellation {!q!d}
Miscellaneous
 e - a phial of floods
 j - a phantom mirror
 E - a condenser vane


   Skills:
 - Level 20.0 Fighting
 - Level 16.0 Dodging
 - Level 6.0 Stealth
 * Level 5.7 Shields
 - Level 14.3 Unarmed Combat
 - Level 2.0 Spellcasting
 * Level 18.4 Conjurations
 - Level 20.0 Transmutations
 - Level 4.0 Ice Magic
 - Level 16.0 Earth Magic
 - Level 13.0 Invocations


You had 9 spell levels left.
You knew the following spells:

 Your Spells              Type           Power      Damage    Failure   Level
a - Irradiate             Conj/Tmut      56%        3d32      1%          5
b - Wereblood             Tmut           100%       N/A       0%          2
c - Statue Form           Tmut/Erth      72%        N/A       1%          6
d - Iskenderun's Battles  Conj           100%       2d15      1%          5

Your spell library contained the following spells:

 Spells                   Type           Power      Damage    Failure   Level
 Beastly Appendage        Tmut           100%       N/A       0%          1
 Passwall                 Tmut/Erth      90%        N/A       0%          2
 Shock                    Conj/Air       100%       1d9       1%          1
 Sting                    Tmut/Pois      100%       1d8       1%          1
 Ensorcelled Hibernation  Hex/Ice        48%        N/A       1%          2
 Static Discharge         Conj/Air       75%        N/A       1%          2
 Conjure Flame            Conj/Fire      96%        6-21      1%          3
 Dazzling Flash           Conj/Hex       100%       N/A       1%          3
 Ignite Poison            Fire/Tmut/Pois 80%        N/A       1%          3
 Ozocubu's Armour         Ice            43%        N/A       1%          3
 Spider Form              Tmut/Pois      79%        N/A       1%          3
 Fulminant Prism          Conj/Hex       37%        3d18      1%          4
 Hailstorm                Conj/Ice       84%        3d17      1%          4
 Ice Form                 Ice/Tmut       88%        N/A       1%          4
 Iskenderun's Mystic Bla  Conj/Tloc      75%        2d15      1%          4
 Petrify                  Tmut/Erth      100%       N/A       1%          4
 Sticky Flame             Conj/Fire      96%        2d11      1%          4
 Alistair's Intoxication  Tmut/Pois      52%        N/A       1%          5
 Blade Hands              Tmut           57%        N/A       1%          5
 Fireball                 Conj/Fire      48%        3d19      1%          5
 Lightning Bolt           Conj/Air       37%        1d56      1%          5
 Yara's Violent Unravell  Hex/Tmut       39%        3d16      1%          5
 Dragon Form              Tmut           57%        N/A       1%          7
 Orb of Destruction       Conj           55%        9d14      1%          7
 Apportation              Tloc           8%         N/A       3%          1
 Necrotize                Necr           16%        1d4       3%          1
 Summon Small Mammal      Summ           16%        N/A       3%          1
 Borgnjor's Vile Clutch   Necr/Erth      34%        N/A       3%          5
 Poisonous Vapours        Pois/Air       8%         N/A       4%          2
 Sublimation of Blood     Necr           4%         N/A       4%          2
 Eringya's Noxious Bog    Tmut/Pois      39%        N/A       8%          6
 Call Canine Familiar     Summ           4%         N/A       9%          3
 Confusing Touch          Hex            4%         N/A       9%          3
 Gell's Gravitas          Tloc           4%         N/A       9%          3
 Lesser Beckoning         Tloc           4%         N/A       9%          3
 Portal Projectile        Hex/Tloc       8%         N/A       9%          3
 Summon Guardian Golem    Hex/Summ       4%         N/A       9%          3
 Swiftness                Air            4%         N/A       9%          3
 Teleport Other           Tloc           4%         N/A       9%          3
 Tukima's Dance           Hex            4%         N/A       9%          3
 Vampiric Draining        Necr           4%         2d6       9%          3
 Conjure Ball Lightning   Conj/Air       37%        3x3d12    11%         6
 Summon Ice Beast         Ice/Summ       24%        N/A       13%         4
 Lehudib's Crystal Spear  Conj/Erth      53%        10d12     17%         8
 Airstrike                Air            2%         N/A       28%         4
 Anguish                  Hex/Necr       2%         N/A       28%         4
 Cause Fear               Hex            2%         N/A       28%         4
 Corpse Rot               Necr/Pois/Air  4%         N/A       28%         4
 Olgreb's Toxic Radiance  Pois           4%         N/A       28%         4
 Passage of Golubria      Tloc           4%         N/A       28%         4
 Metabolic Englaciation   Hex/Ice        12%        N/A       34%         5
 Agony                    Necr           4%         N/A       63%         5
 Silence                  Hex/Air        2%         N/A       63%         5
 Summon Mana Viper        Hex/Summ       4%         N/A       63%         5
 Simulacrum               Ice/Necr       12%        N/A       89%         6
 Necromutation            Tmut/Necr      39%        N/A       97%         8
 Ozocubu's Refrigeration  Ice            21%        4d9       99%         7
 Enfeeble                 Hex            2%         N/A       100%        7
 Monstrous Menagerie      Summ           2%         N/A       100%        7
 Borgnjor's Revivificati  Necr           2%         N/A       100%        8
 Maxwell's Capacitive Co  Air            2%         ∞         100%        8
 Death's Door             Necr           2%         N/A       100%        9


Dungeon Overview and Level Annotations

Branches:
Dungeon (15/15) Zot: 37418  Temple (1/1) D:7 Zot: 8701    Lair (6/6) D:8 Zot: 33378
  Swamp (4/4) Lair:3 Zot: 27240  Spider (4/4) Lair:4 Zot: 24541   Slime (5/5) Lair:6 Zot: 40017
    Orc (2/2) D:11 Zot: 13909     Elf (0/3) Orc:2        Vaults (5/5) D:14 Zot: 26466
  Crypt (0/3) Vaults:2     Depths (4/4) D:15 Zot: 25849     Zot (0/5) Depths:4
  IceCv (visited)

Altars:
Ashenzari
Cheibriados
Dithmenos
Elyvilon
Fedhas
Gozag
Hepliaklqana
Kikubaaqudgha
Makhleb
Nemelex Xobeh
Okawaru
Qazlal
Ru
Sif Muna
Trog
Uskayaw
Vehumet
Wu Jian
Xom
Yredelemnul
Zin
The Shining One
Beogh
Jiyva
Lugonu

Shops:
D:1 [   D:7 ([   Orc:2 (*([   Vaults:5 ?[   Depths:1 :   Depths:2 *
Depths:4 *

Portals:
Hell: Depths:1 Depths:2 Depths:3 Depths:4
Abyss: D:12 D:13 Depths:1 Depths:3
Pandemonium: Depths:1 Depths:2
Ziggurat: Depths:3

Annotations:
D:12 2 runed translucent doors
Depths:1 exclusion: neqoxec


Innate Abilities, Weirdness & Mutations

You are a living statue of rough stone.
Your actions are slow, but your melee attacks are powerful.
You are resistant to unholy torment.
Your maximum health is greatly increased.
You are immune to poison.
You cannot wear most types of armour.
You are amphibious.
You can wear up to eight rings at the same time.
Your skin changes colour to match your surroundings (Stealth+).
((Your rubbery body absorbs attacks. (AC +1, EV +1)))
((You are camouflaged when in or above water. (Stealth+)))
You have tentacles for arms and can constrict up to eight enemies at once.
You are agile. (Dex +4, Str/Int -1)
You sometimes lose your temper in combat.
Your body sometimes deteriorates upon taking damage.
Your flesh is heat resistant. (rF+)
You are frail. (-10% HP)
You have hidden genetic potential.


Message History

The acid blob hits you.
* * * LOW HITPOINT WARNING * * *
You are splashed with acid.
You resist.
* * * LOW HITPOINT WARNING * * *
The acid blob completely misses you. The acid blob spits acid at you.
The splash of acid hits you! You resist.
* * * LOW HITPOINT WARNING * * *
You block the rockslime's attack.
You tentacle-slap the acid blob but do no damage.
Your tentacles burn!
* * * LOW HITPOINT WARNING * * *
You squeeze the acid blob, but do no damage.
The acid blob is severely wounded.
The acid blob hits you.
* * * LOW HITPOINT WARNING * * *
You are splashed with acid.
You resist.
* * * LOW HITPOINT WARNING * * *
The acid blob spits acid at you. The splash of acid misses you.
The splash of acid hits the rockslime but does no damage.
The acid blob spits acid at you. The splash of acid misses you.
You block the rockslime's attack. The acid blob completely misses you.
The acid blob attacks as you move away! The acid blob completely misses you.
The acid blob closely misses you. The rockslime hits you.
* * * LOW HITPOINT WARNING * * *
You stumble backwards!
The rockslime barely misses you. The acid blob spits acid at you.
The splash of acid misses you.
Okay, then.
You batter the acid blob!!
Your tentacles burn!
* * * LOW HITPOINT WARNING * * *
You squeeze the acid blob!!
You kill the acid blob!
Cheibriados thoroughly appreciates the change of pace.
The rockslime hits you!!
* * * LOW HITPOINT WARNING * * *
You hold your ground!
The rockslime hits you!
You die...

##......................
##.......................
.........................
#.......................
.##.......................
...................####.##
#........J........## .#
..........J......## #
........JJ8.....##
.........JJ....##
...............#
...............#
...............#
...............#
.................
...............##
...............


You could see 4 acid blobs and 2 rockslimes.

Vanquished Creatures
  the Royal Jelly (Slime:5)
  A dread lich (Vaults:5)
  3 ancient liches
  Mara (Swamp:3)
  2 golden dragons
  A caustic shrike (shapeshifter) (Vaults:5)
  A bone dragon (Depths:4)
  Jory (Vaults:2)
  12 tentacled monstrosities
  6 liches
  Asterion (Vaults:3)
  7 titans
  9 sphinxes
  A thorn hunter (Swamp:4)
  13 acid blobs
  3 tentacled starspawn (Abyss:3)
  7 storm dragons
  7 shadow dragons
  8 tengu reavers
  4 fenstrider witches
  7 azure jellies
  8 frost giants
  Roxanne (Swamp:3)
  A draconian knight (Depths:4)
  13 fire giants
  7 rockslimes
  An orc warlord (Vaults:4)
  9 vault wardens
  6 emperor scorpions
  A deep elf sorcerer (Vaults:5)
  3 ghost moths
  Louise (D:15)
  A cacodemon (Abyss:3)
  A draconian stormcaller (Depths:4)
  Aizul (Swamp:2)
  A draconian scorcher (Abyss:3)
  3 iron dragons
  2 ghouls (Swamp:4)
  A spriggan defender (Depths:3)
  A draconian shifter (Depths:4)
  4 broodmothers
  A reaper (IceCv)
  18 ironbound preservers
  8 quicksilver oozes
  3 war gargoyles
  22 stone giants
  25 very ugly things
  3 vampire knights
  9 ironbound thunderhulks
  A deep elf demonologist (Vaults:5)
  A white draconian (Depths:4)
  2 deep elf annihilators (Vaults:5)
  6 entropy weavers
  7 eleionomae
  3 bunyips
  A yellow draconian (Depths:4)
  4 dire elephants (Vaults:2)
  9 spark wasps
  2 red draconians (Depths:4)
  A green death (Swamp:4)
  12 ettins
  A blizzard demon (Swamp:4)
  Josephine (Lair:5)
  11 yaktaur captains
  3 shambling mangroves
  5 fire dragons
  A deep elf high priest (Vaults:4)
  Harold (Orc:1)
  Erolcha (Orc:1)
  40 vault guards
  5 great orbs of eyes
  5 boulder beetles
  A peacekeeper (Vaults:2)
  11 ice dragons
  3 rakshasas
  15 hydras
  A spriggan air mage (Depths:3)
  5 ogre magi
  A ghost crab (Swamp:3)
  A jorogumo (shapeshifter) (Vaults:5)
  2 catoblepae
  The ghost of Imoonwee the Spear-Bearer, a journeyman FoFi of Hepliaklqana (D:13)
  7 centaur warriors
  A radroach (Spider:4)
  11 alligators
  2 jorogumos (Spider:4)
  8 two-headed ogres
  A spriggan skeleton (Abyss:3)
  7 ironbound frosthearts
  Erica (Orc:1)
  The ghost of zeratav the Skirmisher, a journeyman TeHu of Okawaru (D:11)
  8 death scarabs (Spider:4)
  2 vampire magi
  3 death knights
  7 deep troll shamans
  A hell hog (D:13)
  A shock serpent (shapeshifter) (Vaults:5)
  A spectral emperor scorpion (Spider:4)
  7 deep troll earth magi
  3 spriggan berserkers
  5 tengu warriors
  4 hell knights (Depths:3)
  Nergalle (Lair:1)
  5 thrashing horrors
  3 soul eaters (Swamp:4)
  A fire crab (Lair:6)
  7 iron trolls
  5 wretched stars (Abyss:3)
  2 sun moths (Spider:2)
  A death drake (shapeshifter) (Depths:2)
  A goliath frog (shapeshifter) (Vaults:2)
  6 skeletal warriors
  5 pharaoh ants
  5 spriggan druids
  2 sixfirhies (Abyss:3)
  53 deep trolls
  8 glowing orange brains
  5 goliath frogs
  7 bog bodies
  9 steelbarb worms
  A shadow demon (Depths:2)
  9 orb spiders
  7 swamp dragons
  4 necromancers
  13 orc knights
  A spectral wolf spider (Spider:4)
  12 ironbound convokers
  A golden dragon skeleton (Vaults:2)
  A lindwurm (shapeshifter) (Depths:3)
  14 wizards
  4 phantasmal warriors
  2 lindwurms (Vaults:4)
  19 wolf spiders
  45 starcursed masses (Abyss:3)
  4 deep elf pyromancers
  2 wolf spider zombies (Spider:4)
  2 frost giant zombies (D:15)
  52 ugly things
  5 orc sorcerers
  A manticore (D:14)
  A wolf spider (shapeshifter) (Vaults:5)
  3 shining eyes
  A worldbinder (D:13)
  3 cyclopes
  6 moths of wrath
  3 will-o-the-wisps
  8 elephants
  An elephant (shapeshifter) (D:15)
  A rust devil (Depths:2)
  A frost giant skeleton (Vaults:2)
  An apocalypse crab (D:13)
  14 vault sentinels
  Maurice (D:12)
  4 orange demons
  A cane toad (shapeshifter) (D:13)
  3 smoke demons
  An eye of devastation (Slime:4)
  2 ice statues (IceCv)
  6 torpor snails
  Joseph (D:10)
  10 black mambas
  3 gargoyles
  2 spectral redbacks (Spider:4)
  4 freezing wraiths
  4 rime drakes
  12 cane toads
  4 unseen horrors
  6 kobold demonologists
  4 tengu conjurers
  9 demonic crawlers
  13 komodo dragons
  A redback zombie (Spider:4)
  A komodo dragon (shapeshifter) (Depths:2)
  25 yaktaurs
  5 ice devils (IceCv)
  An anaconda simulacrum (IceCv)
  5 human skeletons (Vaults:2)
  An efreet (D:13)
  An entropy weaver simulacrum (IceCv)
  4 hellwings
  A guardian mummy (Depths:2)
  A meliai (shapeshifter) (Vaults:5)
  4 trolls
  3 ancient zymes
  A troll (shapeshifter) (D:14)
  11 tyrant leeches
  A queen bee (shapeshifter) (Depths:2)
  2 polar bears
  2 tarantellas (shapeshifter)
  Prince Ribbit (D:8)
  25 hornets
  4 spectral tarantellas (Spider:4)
  5 spectral culicivoras (Spider:4)
  A blink frog (shapeshifter) (D:10)
  58 slime creatures
  26 tarantellas
  2 tarantella zombies (Spider:4)
  7 blink frogs
  A jumping spider zombie (Spider:4)
  8 raiju (Abyss:3)
  3 ettin skeletons (Vaults:2)
  2 spriggan zombies (D:15)
  A centaur simulacrum (D:14)
  63 jumping spiders
  A flying skull (Abyss:3)
  5 large abominations (Abyss:3)
  A vampire (D:10)
  7 wraiths
  3 wyverns
  2 dire elephant simulacra (IceCv)
  A ynoxinul (Abyss:3)
  24 culicivoras
  A spriggan (shapeshifter) (Vaults:2)
  26 yaks
  22 spriggans
  2 water elementals
  3 shadows
  7 neqoxecs
  A hog (shapeshifter) (Depths:2)
  7 golden eyes
  3 basilisks
  8 vampire mosquitoes
  2 elf skeletons (Vaults:2)
  49 redbacks
  3 chaos spawn (Abyss:3)
  3 small abominations (Abyss:3)
  4 steam dragons
  14 swamp worms
  8 wargs
  A warg (shapeshifter) (D:10)
  3 acid dragons
  2 harpy simulacra
  16 water moccasins
  A floating eye (Depths:1)
  4 hell hounds (Abyss:3)
  Duvessa (D:5)
  2 glowing shapeshifter skeletons (Vaults:2)
  41 orc warriors
  2 sky beasts
  3 swamp drakes
  3 ice beasts
  10 ogres
  2 black bears
  A black bear (shapeshifter) (Depths:2)
  11 wolves
  6 centaurs
  11 kobold brigands
  A necrophage (D:6)
  11 bullfrogs
  6 scorpions
  3 two-headed ogre simulacra (IceCv)
  3 gnoll sergeants
  A cane toad simulacrum (IceCv)
  11 wights
  Dowan (D:5)
  An elephant simulacrum (IceCv)
  11 killer bees
  2 howler monkeys
  An electric eel (Spider:3)
  2 jellies
  A quasit (Abyss:3)
  3 hounds (D:4)
  14 orc priests
  A jelly (shapeshifter) (Depths:3)
  An iron imp (Abyss:3)
  25 orc wizards
  2 iguanas (D:6)
  3 troll simulacra (IceCv)
  2 spriggan simulacra (IceCv)
  A polar bear simulacrum (IceCv)
  12 gnolls
  6 adders
  2 naga simulacra (IceCv)
  3 river rats (Lair:3)
  2 white imps
  4 ufetubi
  A worm (D:3)
  2 dart slugs
  86 orcs
  9 ball pythons
  6 endoplasms
  6 giant cockroaches
  8 hobgoblins
  3 jackals (D:4)
  33 kobolds
  3 training dummies (D:7)
  5 bats
  2 frilled lizards
  5 goblins
  4 rats
  4 starspawn tentacles (Abyss:3)
1871 creatures vanquished.

Vanquished Creatures (others)
  An alligator (Swamp:4)
  A large abomination (Abyss:3)
  3 bloated husks
  An orc wizard (Orc:2)
  2 orcs
  11 foxfires
  24 fungi
  41 plants
  5 starspawn tentacles (Abyss:3)
89 creatures vanquished.

Grand Total: 1960 creatures vanquished

Notes
Turn   | Place    | Note
-------+----------+-------------------------------------------
     0 | D:1      | buhh the Octopode Transmuter began the quest for the Orb.
     0 | D:1      | Reached XP level 1. HP: 13/13 MP: 3/3
   258 | D:1      | Reached XP level 2. HP: 7/19 MP: 3/5
   801 | D:1      | Found Juifife's Armour Shop.
  1328 | D:2      | Identified the +1 buckler of the Hills {*Corrode rC+ Regen+
                  | Int+5}
  1337 | D:2      | Reached XP level 3. HP: 14/25 MP: 6/6
  2176 | D:2      | Learned a level 2 spell: Wereblood
  2180 | D:2      | Learned a level 3 spell: Spider Form
  2259 | D:2      | Found a faded altar of an unknown god.
  2628 | D:3      | Reached XP level 4. HP: 33/33 MP: 5/7
  3646 | D:4      | Reached XP level 5. HP: 21/38 MP: 4/8
  4037 | D:4      | Reached XP level 6. HP: 39/46 MP: 4/9
  4132 | D:4      | Noticed a black bear
  4156 | D:4      | Killed a black bear
  4771 | D:4      | Found a glowing golden altar of the Shining One.
  4838 | D:5      | Entered Level 5 of the Dungeon
  4859 | D:5      | Reached XP level 7. HP: 44/54 MP: 5/10
  5512 | D:5      | Noticed Duvessa
  5512 | D:5      | Noticed Dowan
  5793 | D:5      | Found the +6 shillelagh "Devastator" {shatter}
  5879 | D:5      | Killed Duvessa
  5880 | D:5      | Reached XP level 8. HP: 35/63 MP: 5/11
  6184 | D:5      | Killed Dowan
  8562 | D:7      | Found a staircase to the Ecumenical Temple.
  8568 | Temple   | Entered the Ecumenical Temple
  8574 | Temple   | Learned a level 4 spell: Ice Form
  8748 | Temple   | Became a worshipper of Cheibriados the Contemplative
  8872 | D:7      | Found Quomuyw's Armour Shop.
  8897 | D:7      | Reached XP level 9. HP: 21/70 MP: 2/12
  9343 | D:7      | Found Exefif's Firing Range.
 10095 | D:8      | Noticed a two-headed ogre
 10562 | D:8      | Reached * piety under Cheibriados
 10564 | D:8      | Noticed Prince Ribbit
 10580 | D:8      | Killed Prince Ribbit
 10857 | D:8      | Found a blossoming altar of Fedhas.
 11267 | D:8      | Killed a two-headed ogre
 11268 | D:8      | Reached XP level 10. HP: 6/76 MP: 0/13
 11595 | D:8      | Found a staircase to the Lair.
 11656 | D:8      | Reached ** piety under Cheibriados
 12603 | Lair:1   | Entered Level 1 of the Lair of Beasts
 12996 | Lair:1   | Noticed an eight-headed hydra
 13001 | Lair:1   | Killed an eight-headed hydra
 13045 | Lair:1   | Noticed a black mamba
 13051 | Lair:1   | Killed a black mamba
 13098 | Lair:1   | Noticed a cane toad
 13105 | Lair:1   | Killed a cane toad
 13105 | Lair:1   | Reached *** piety under Cheibriados
 13114 | Lair:1   | Reached XP level 11. HP: 72/81 MP: 8/14
 13401 | Lair:1   | Noticed Nergalle
 13412 | Lair:1   | Killed Nergalle
 14223 | Lair:2   | Noticed a five-headed hydra
 14234 | Lair:2   | Killed a five-headed hydra
 14899 | Lair:2   | Reached **** piety under Cheibriados
 15335 | Lair:3   | Found a staircase to the Swamp.
 15335 | Lair:3   | Noticed a bog body
 15345 | Lair:3   | Killed a bog body
 15562 | Lair:3   | Reached skill level 11 in Fighting
 15564 | Lair:3   | Reached XP level 12. HP: 44/90 MP: 3/19
 16156 | Lair:3   | You fall into a shaft and drop 1 floor!
 16796 | Lair:4   | Noticed an eight-headed hydra
 16808 | Lair:4   | Killed an eight-headed hydra
 17631 | Lair:4   | Found a hole to the Spider Nest.
 17945 | Lair:5   | Noticed Josephine
 18279 | Lair:6   | Entered Level 6 of the Lair of Beasts
 18642 | Lair:6   | Identified a scroll of acquirement
 18644 | Lair:6   | Acquired the ring of Ruocep {rF+ rN+ rCorr Dex-3 SInv
                  | Stlth+}
 18714 | Lair:6   | Found a staircase to the Slime Pits.
 18715 | Lair:6   | Found a viscous altar of Jiyva.
 18985 | Lair:6   | Reached XP level 13. HP: 38/101 MP: 3/20
 19827 | Lair:5   | Killed Josephine
 21274 | Lair:6   | Reached skill level 11 in Transmutations
 21774 | Lair:6   | Reached ***** piety under Cheibriados
 22152 | Lair:3   | Identified the +4 falchion of the Arena {vorpal, Str+4
                  | Int+5}
 23247 | D:9      | Found an ornate altar of the Wu Jian Council.
 23314 | D:9      | Found a shadowy altar of Dithmenos.
 23490 | D:10     | Entered Level 10 of the Dungeon
 24844 | D:10     | Reached XP level 14. HP: 108/108 MP: 16/21
 25126 | D:10     | Noticed Joseph
 25229 | D:10     | Found a shimmering altar of Xom.
 25685 | D:10     | Found the +8 demon blade "Leech" {vamp, Harm Drain rN+}
 25690 | D:10     | Identified the +8 falchion "Leviticus" {drain, *Corrode
                  | rElec Int+6 SInv}
 25886 | D:10     | Found a bloodstained altar of Trog.
 26010 | D:11     | Found a frozen archway.
 26026 | IceCv    | Entered an ice cave
 26066 | IceCv    | Reached skill level 15 in Transmutations
 26089 | IceCv    | Learned a level 5 spell: Irradiate
 26131 | IceCv    | Noticed a reaper
 26196 | IceCv    | Killed a reaper
 27150 | D:11     | Found a staircase to the Orcish Mines.
 27431 | D:11     | Found a runed translucent door.
 27431 | D:11     | Noticed zeratav's ghost (journeyman TeHu)
 27982 | D:12     | Noticed Maurice
 27989 | D:12     | Paralysed by Maurice for 2 turns
 27993 | D:12     | Paralysed by Maurice for 4 turns
 27998 | D:12     | Killed Maurice
 28176 | D:12     | Found a large runed translucent door.
 28176 | D:12     | Found a large runed translucent door.
 28176 | D:12     | Found a corrupted altar of Lugonu.
 28287 | D:12     | Found the +2 ratskin cloak {*Rats rPois rN+ Str-1 Int-1
                  | Dex+1}
 28732 | D:12     | Identified the +11 hand axe of Mastery {venom, rPois}
 29505 | D:12     | Identified the +3 dagger of Comim {distort, rN+ rCorr SInv}
 29541 | D:12     | Found a one-way gate to the infinite horrors of the Abyss.
 29583 | Orc:1    | Entered Level 1 of the Orcish Mines
 29591 | Orc:1    | Noticed Erica
 29594 | Orc:1    | Noticed Erolcha
 29598 | Orc:1    | Killed Erica
 29598 | Orc:1    | Killed Erolcha
 29841 | Orc:1    | Noticed Harold
 29849 | Orc:1    | Killed Harold
 30085 | Orc:2    | Entered Level 2 of the Orcish Mines
 31101 | Orc:2    | Reached XP level 15. HP: 113/113 MP: 15/22
 31667 | Orc:2    | Reached ****** piety under Cheibriados
 31958 | Orc:2    | Found Podin's Weapon Shop.
 31958 | Orc:2    | Found Ylarot's Antique Armour Shoppe.
 32194 | Orc:2    | Found a staircase to the Elven Halls.
 32252 | Orc:2    | Found Makixu's Antique Weapon Shop.
 32252 | Orc:2    | Found Zufuniysh's General Store.
 32267 | Orc:2    | Bought a scroll of identify for 32 gold pieces
 32481 | Orc:1    | You fall into a shaft and drop 1 floor!
 33263 | D:10     | Killed Joseph
 33614 | Spider:1 | Entered Level 1 of the Spider Nest
 35634 | Spider:2 | Reached skill level 11 in Invocations
 35844 | Spider:2 | You fall into a shaft and drop 1 floor!
 36397 | Spider:2 | Noticed an emperor scorpion
 36410 | Spider:2 | Killed an emperor scorpion
 36639 | Spider:2 | Reached XP level 16. HP: 117/119 MP: 18/25
 37415 | Spider:2 | Learned a level 7 spell: Dragon Form
 38240 | Spider:2 | Identified the +0 robe "Fukivimp" {Harm rC++ Int+2}
 39774 | Spider:4 | Entered Level 4 of the Spider Nest
 41064 | Spider:4 | Reached skill level 18 in Transmutations
 41246 | Spider:4 | Reached XP level 17. HP: 125/125 MP: 26/26
 42030 | Spider:4 | Reached skill level 11 in Conjurations
 42185 | Spider:4 | Identified the +2 hat "Orucetil" {rC+}
 42281 | Spider:4 | Got a gossamer rune of Zot
 42734 | Swamp:1  | Entered Level 1 of the Swamp
 43829 | Swamp:1  | Got Famaybog's Catalogue of Sinister Rites
 44648 | Swamp:2  | Paralysed by a hornet for 3 turns
 44796 | Swamp:2  | Noticed Aizul
 44801 | Swamp:2  | Killed Aizul
 44991 | Swamp:2  | Reached XP level 18. HP: 107/131 MP: 27/27
 45911 | Swamp:3  | Identified Roxanne's Catalogue of Shape Shifting
 45911 | Swamp:3  | Noticed Roxanne
 46183 | Swamp:3  | Killed Roxanne
 46268 | Swamp:3  | Learned a level 6 spell: Statue Form
 46958 | Swamp:3  | Noticed Mara
 46971 | Swamp:3  | Noticed buhh's illusion
 46972 | Swamp:3  | Killed Mara
 47060 | Swamp:4  | Entered Level 4 of the Swamp
 47893 | Swamp:4  | Noticed a tentacled monstrosity
 47897 | Swamp:4  | Killed a tentacled monstrosity
 47898 | Swamp:4  | Reached skill level 15 in Conjurations
 47996 | Swamp:4  | Paralysed by a fenstrider witch for 2 turns
 48030 | Swamp:4  | Noticed a tentacled monstrosity
 48036 | Swamp:4  | Killed a tentacled monstrosity
 48584 | Swamp:4  | Got a decaying rune of Zot
 48928 | D:11     | Killed zeratav's ghost
 49580 | D:13     | Found a transporter.
 49585 | D:13     | Found a transporter.
 50003 | D:13     | Noticed Imoonwee's ghost (journeyman FoFi)
 50603 | D:14     | Reached XP level 19. HP: 137/137 MP: 28/28
 50874 | D:14     | Found a gate to the Vaults.
 51457 | D:15     | Entered Level 15 of the Dungeon
 51872 | D:15     | Reached skill level 15 in Fighting
 51888 | D:15     | Found a staircase to the Depths.
 52333 | D:15     | Noticed Louise
 52339 | D:15     | Killed Louise
 52538 | Vaults:1 | Entered Level 1 of the Vaults
 52933 | Vaults:1 | Reached skill level 11 in Unarmed Combat
 54553 | Vaults:2 | Reached XP level 20. HP: 145/145 MP: 29/29
 55292 | Vaults:2 | Found the +5 glaive of the Guard {elec, spectral, AC+5}
 55719 | Vaults:2 | Found a staircase to the Crypt.
 55912 | Vaults:2 | Noticed Jory
 55922 | Vaults:2 | Killed Jory
 56122 | Vaults:2 | Identified the +9 rapier of the Volcano {venom, Str+3}
 56756 | Vaults:3 | Noticed Asterion
 56767 | Vaults:3 | Killed Asterion
 56812 | Vaults:3 | Reached skill level 18 in Fighting
 58108 | Vaults:4 | Noticed an ancient lich
 58118 | Vaults:4 | Reached XP level 21. HP: 60/162 MP: 13/30
 58420 | Vaults:4 | Killed an ancient lich
 59079 | Abyss:3  | Cast into level 3 of the Abyss (a wizard)
 59086 | Vaults:4 | Escaped the Abyss
 59456 | Abyss:3  | Cast into level 3 of the Abyss (a wizard)
 59523 | Abyss:3  | Upgraded the game from 0.29-a0-723-gce39da1c22 to
                  | 0.29-a0-732-g3d7fbe0af2
 59889 | Abyss:3  | Paralysed by accursed screaming for 1 turns
 60579 | Abyss:3  | Gained mutation: Your flesh is cold resistant. (rC+) [a
                  | neqoxec]
 60617 | Abyss:3  | Noticed a bone dragon
 60625 | Abyss:3  | Paralysed by accursed screaming for 1 turns
 60630 | Vaults:4 | Escaped the Abyss
 62159 | Vaults:4 | Reached XP level 22. HP: 171/171 MP: 31/31
 62596 | Depths:1 | Entered Level 1 of the Depths
 62893 | Depths:1 | Found a glowing golden altar of the Shining One.
 62905 | Depths:1 | Found a burning altar of Makhleb.
 62969 | Depths:1 | Found Aloasm's Book Shop.
 62970 | Depths:1 | Identified the +1 glaive of the Shouting Gods {vorpal,
                  | rCorr Dex+7}
 63377 | Depths:1 | Paralysed by a floating eye for 4 turns
 63550 | Depths:1 | Found a gateway to Hell.
 63687 | Depths:1 | Found a one-way gate leading to the halls of Pandemonium.
 64742 | Depths:2 | Found a portal to a secret trove of treasure.
 64760 | Depths:2 | You paid a toll of 4 scrolls of fear to enter a treasure
                  | trove
 64761 | Trove    | Entered a treasure trove
 64782 | Trove    | Identified the ring "Ojuiwatweo" {rF+ rN+}
 64786 | Trove    | Identified the amulet of Bosar {rN+ Will+ Regen+}
 64793 | Trove    | Identified the ring of Viyceuprod {rF+ rCorr Dex+4}
 64804 | Trove    | Identified the ring "Saor" {rElec rPois rC+}
 64806 | Trove    | Identified the amulet of Kaniodaa {Acrobat Str+4}
 64807 | Trove    | Identified the ring "Ablyuquhu" {Fire MP+9 Dex+7}
 65625 | Depths:2 | Found Lakeifat's Assorted Antiques.
 65628 | Depths:2 | Bought a potion of curing for 87 gold pieces
 65628 | Depths:2 | Bought a potion of mutation for 232 gold pieces
 66474 | Depths:3 | Paralysed by a vampire knight for 2 turns
 66495 | Depths:3 | Acquired 737 gold pieces
 66548 | Depths:3 | Reached skill level 11 in Dodging
 66548 | Depths:3 | Reached skill level 11 in Earth Magic
 66619 | Depths:3 | Found a transporter.
 66726 | Depths:3 | Found a one-way gateway to a ziggurat.
 66967 | Depths:3 | Found a transporter.
 67018 | Depths:4 | Entered Level 4 of the Depths
 67026 | Depths:4 | Learned a level 5 spell: Iskenderun's Battlesphere
 67137 | Depths:4 | Found Duhuac's General Store.
 67149 | Depths:4 | Bought a scroll of poison for 49 gold pieces
 67149 | Depths:4 | Bought a potion of might for 56 gold pieces
 67245 | Depths:4 | Reached XP level 23. HP: 136/176 MP: 30/32
 67251 | Depths:4 | Found a gate to the Realm of Zot.
 68106 | Depths:3 | Noticed a golden dragon
 68117 | Depths:3 | Killed a golden dragon
 68326 | Depths:3 | Identified the ring "Sefyucux" {rElec rF++ Str+6}
 68345 | Depths:3 | Identified the +10 long sword "Wamij" {chaos, rN+ SInv}
 68353 | Depths:3 | Identified the amulet of Coronation {Spirit rN+ Str-4
                  | Dex+3}
 68384 | Depths:3 | Identified the +9 mace "Notey" {vorpal, Will+ Int+4}
 68691 | Vaults:5 | Entered Level 5 of the Vaults
 68919 | Vaults:5 | Identified the +6 long sword "Nuwatser" {pain, rC++ Dex+2
                  | Stlth+}
 68974 | Vaults:5 | Noticed a golden dragon
 68985 | Vaults:5 | Killed a golden dragon
 68992 | Vaults:5 | Identified the +1 robe "Inelo" {rC+ Stlth+}
 69451 | Vaults:5 | Reached XP level 24. HP: 183/183 MP: 32/32
 69503 | Vaults:5 | Reached skill level 15 in Dodging
 69503 | Vaults:5 | Reached skill level 15 in Earth Magic
 69545 | Vaults:5 | Got a silver rune of Zot
 69716 | Vaults:5 | Identified the ring "Locih" {MP+9 Str+7}
 69720 | Vaults:5 | Noticed a dread lich
 69724 | Vaults:5 | Killed a dread lich
 69856 | Vaults:5 | Noticed a caustic shrike
 69859 | Vaults:5 | Killed a caustic shrike
 69987 | Vaults:5 | Noticed an ancient lich
 70002 | Vaults:5 | Killed an ancient lich
 70003 | Vaults:5 | Noticed an ancient lich
 70042 | Vaults:5 | Killed an ancient lich
 70047 | Vaults:5 | Found Soptama's Antique Armour Shoppe.
 70174 | Vaults:5 | Found Ifryapef's Magic Scroll Boutique.
 70187 | Vaults:5 | Got the Collected Works on Beguiling and the Traveller
 70195 | Vaults:5 | Bought a scroll of teleportation for 63 gold pieces
 70830 | D:13     | Killed Imoonwee's ghost
 71199 | Slime:1  | Entered Level 1 of the Pits of Slime
 71534 | Slime:2  | Gained mutation: Your spells are a little easier to cast,
                  | but a little less powerful. [a shining eye]
 71709 | Slime:4  | Reached skill level 18 in Conjurations
 71730 | Slime:4  | Gained mutation: You occasionally shout uncontrollably at
                  | your foes. [a shining eye]
 71730 | Slime:4  | Gained mutation: You occasionally lose the ability to drink
                  | potions when taking damage. [a shining eye]
 71734 | Slime:4  | Lost mutation: You occasionally shout uncontrollably at
                  | your foes. [potion of mutation]
 71734 | Slime:4  | Lost mutation: Your spells are a little easier to cast, but
                  | a little less powerful. [potion of mutation]
 71734 | Slime:4  | Gained mutation: You possess an exceptional clarity of
                  | mind. [potion of mutation]
 71734 | Slime:4  | Gained mutation: One of your tentacles bears a spike.
                  | [potion of mutation]
 71734 | Slime:4  | Gained mutation: One of your tentacles bears a nasty spike.
                  | [potion of mutation]
 71734 | Slime:4  | Gained mutation: You are agile. (Dex +4, Str/Int -1)
                  | [potion of mutation]
 71735 | Slime:4  | Lost mutation: One of your tentacles bears a nasty spike.
                  | [potion of mutation]
 71735 | Slime:4  | Lost mutation: Your flesh is cold resistant. (rC+) [potion
                  | of mutation]
 71735 | Slime:4  | Lost mutation: You occasionally lose the ability to drink
                  | potions when taking damage. [potion of mutation]
 71735 | Slime:4  | Gained mutation: You have hidden genetic potential. [potion
                  | of mutation]
 71735 | Slime:4  | Lost mutation: You possess an exceptional clarity of mind.
                  | [potion of mutation]
 71735 | Slime:4  | Gained mutation: You sometimes lose your temper in combat.
                  | [potion of mutation]
 71735 | Slime:4  | Gained mutation: You are covered in fur. (AC +1) [potion of
                  | mutation]
 71736 | Slime:4  | Lost mutation: You sometimes lose your temper in combat.
                  | [potion of mutation]
 71736 | Slime:4  | Lost mutation: You are agile. (Dex +4, Str/Int -1) [potion
                  | of mutation]
 71736 | Slime:4  | Gained mutation: You sometimes lose your temper in combat.
                  | [potion of mutation]
 71736 | Slime:4  | Gained mutation: You are agile. (Dex +4, Str/Int -1)
                  | [potion of mutation]
 71737 | Slime:4  | Lost mutation: One of your tentacles bears a spike. [potion
                  | of mutation]
 71737 | Slime:4  | Lost mutation: You are covered in fur. (AC +1) [potion of
                  | mutation]
 71737 | Slime:4  | Gained mutation: You are frail. (-10% HP) [potion of
                  | mutation]
 71737 | Slime:4  | Gained mutation: Your body sometimes deteriorates upon
                  | taking damage. [potion of mutation]
 71737 | Slime:4  | Gained mutation: Your flesh is heat resistant. (rF+)
                  | [potion of mutation]
 71747 | Slime:5  | Entered Level 5 of the Pits of Slime
 72008 | Slime:5  | Noticed the Royal Jelly
 72056 | Slime:5  | Killed the Royal Jelly
 72075 | Slime:5  | HP: 1/319 [rockslime[the Royal Jelly] (26)]
 72075 | Slime:5  | Demolished by a rockslime

Illustrated notes

Levels and vault maps discovered:
D:1:      erik_arrival_orb_chamber, layout_loops_ring, serial_shops,
          nicolae_shop_hallway_plus, minmay_cut_off
D:2:      layout_loops_ring, chequers_ecumenical_altar_simple, minivault_23
D:3:      layout_rooms
D:4:      kennysheep_six_static_rooms, layout_rooms, tso_altar, minmay_distorted
D:5:      layout_basic, serial_bayou_ford_a, dilly_guarded_unrand_devastator,
          uniq_duvessa
D:6:      layout_layer_cave, kennysheep_windowed_goal
D:7:      layout_basic, minmay_temple_entry_purple_smoke, serial_shops, shop,
          nicolae_shop_firing_range
D:8:      layout_rooms, fedhas_bush_and_centaur_altar,
          grunt_lair_entry_orc_guard_hut, chequers_serial_rivers_large_b,
          hangedman_abyss_or_decor_stabs, uniq_prince_ribbit1
D:9:      kb_forest_paths, layout_long_grid, lemuel_round_altar,
          nicolae_overflow_crystal_walls
D:10:     minmay_the_grid_plus [minmay_the_grid_dragon_b,
          minmay_the_grid_minigrid_small, minmay_the_grid_garden,
          minmay_the_grid_x, minmay_the_grid_prize_shrinking_boxes],
          layout_basic, amcnicky_altar_gilded, minmay_ruined_shrine, uniq_joseph
D:11:     nicolae_BIG_FREAKIN_CUBE, layout_basic, gammafunk_ghost_grave,
          portal_ice_cave_entry_pillars_2
D:12:     due_chaos_kobolds, layout_stronghold, uniq_maurice
D:13:     layout_basic, gammafunk_ghost_abyssal_escape, minivault_11
D:14:     layout_basic, hangedman_vaults_entry_quadrant_bands,
          amcnicky_mini_pool_small, chequers_serial_rivers_micro_a
D:15:     gammafunk_depths_entry_grave, layout_gridville,
          hangedman_abyss_or_decor_clamps, uniq_louise
Temple:   bh_familiar_temple
Lair:1:   layout_cave_shapes, grunt_megastairs_2, uniq_nergalle
Lair:2:   layout_loops_ring
Lair:3:   layout_cave_pods, skrybe_swamp_entry_bodies, pond, grunt_megastairs_3
Lair:4:   layout_regular_city, spider_nest_entry_webs, beast_lair_carwin_2
Lair:5:   layout_hall_layers, uniq_josephine
Lair:6:   cheibrodos_lair_end_hotspot, layout_regular_city, slime_entry_1
Swamp:1:  layout_basic_swamp, nicolae_swamp_round_clearing,
          infiniplex_staircase_pool
Swamp:2:  nzn_winding_woodlands_three_and_one
          [nzn_winding_woodlands_5x15_lazy_stream,
          nzn_winding_woodlands_5x15_eye, nzn_winding_woodlands_5x15_garden,
          nzn_winding_woodlands_center_diamonds], layout_falls_marsh,
          evilmike_swamp_ruin_rubble_2, uniq_aizul
Swamp:3:  layout_basic_swamp, nicolae_swamp_tree_designs, swamp_pool1,
          uniq_roxanne, uniq_mara
Swamp:4:  nzn_swamp_witches_coven, layout_basic_swamp
Spider:1: layout_cave_pods, drop_trap
Spider:2: nicolae_spider_corner
Spider:3: nicolae_spider_jumping_over_cracks [nicolae_spider_jumping_sub_lanes,
          nicolae_spider_jumping_sub_narrow, nicolae_spider_jumping_sub_lake,
          nicolae_spider_jumping_sub_plain]
Spider:4: floodkiller_spider_rune_tomb
Slime:1:  cheibrodos_slime_lost_civilization_3, layout_caves
Slime:2:  layout_caves, cheibrodos_slime_lost_civilization_4
Slime:3:  layout_caves
Slime:4:  layout_caves
Slime:5
Orc:1:    layout_caves, nicolae_orc_crystal_geode, uniq_harold, uniq_erolcha,
          uniq_erica
Orc:2:    st_orc_town, layout_caves, basic_altar
Vaults:1: ontoclasm_vaults_tryst, ontoclasm_vaults_ring_small,
          vaults_dpeg_encased_lava, vaults_dpeg_cross, hangedman_vaults_unwind,
          hangedman_vaults_cutoff, vaults_dpeg_ring, layout_vaults_omnigrid
Vaults:2: vaults_room_hallway, minmay_guarded_unrand_guard_vaults,
          vaults_room_large_hall, vaults_mumra_lcd,
          nicolae_vaults_windows_and_doors_thing, vaults_room_pool,
          minmay_crypt_entry_skeletal_spiral, nicolae_vaults_diagonal_hallway_8,
          v_misc_13, vaults_room_grunt_arrival_ludios,
          nicolae_vaults_network_star, vaults_room_pools,
          nicolae_vaults_network_barrier, v_misc_8, layout_vaults_maze,
          uniq_jory
Vaults:3: v_misc_4, vaults_room_pool, v_misc_1, vaults_room_semicircle,
          nicolae_vaults_meeting, vaults_room_fours, v_alt_pattern_5,
          hangedman_vaults_impose, nicolae_vaults_specimen_jars,
          layout_vaults_big_room, uniq_asterion
Vaults:4: grunt_vaults_funnel, hangedman_vaults_impose, v_misc_5, v_misc_19,
          st_greater_box_5, ontoclasm_vaults_twist, v_misc_18,
          vaults_room_grunt_arrival_checkpoint,
          nicolae_vaults_stairing_the_circle, ontoclasm_vaults_gateway,
          layout_vaults_big_cross
Vaults:5
Depths:1: minmay_containers, layout_basic, grunt_pan_entry_in_and_out,
          abyss_entry_glasseish, serial_shops, shop, pf_hell_entry_tar_spiral,
          minmay_crystal_water, interstate_on_off, nzn_life_drinkers
Depths:2: minmay_split_circle, layout_cave_pools, hell_entry, serial_shops,
          nicolae_shop_hallway_stairs, nicolae_trove_entry_path_of_doom,
          rand_demon_pan_entry_5, infiniplex_staircase_pillars_2
Depths:3: gammafunk_dig_for_victory, layout_twisted_cross, enter_ziggurat_e,
          hell_entry, abyss_entry, st_stairs_1
Depths:4: grunt_zot_entry_bicorn, layout_gridlike, serial_shops,
          nicolae_lakefront_shop, hell_entry, moated_statue

Skill      XL: |  1  2  3  4  5  6  7  8  9 10 11 12 13 14 15 16 17 18 19 20 21 22 23 24 |
---------------+-------------------------------------------------------------------------+-----
Stealth        | 1 6 |  6.0
Fighting       | 2 3 4 5 7 9 10 11 14 15 19 20 | 20.0
Transmutations | 5 8 13 15 18 19 20 | 20.0
Unarmed Combat | 7 9 10 11 13 14 | 14.3
Ice Magic      | 4 |  4.0
Invocations    | 5 10 12 13 | 13.0
Dodging        | 5 8 10 12 14 16 | 16.0
Conjurations   | 6 10 12 15 16 17 18 | 18.4
Earth Magic    | 4 10 12 14 16 | 16.0
Shields        | 5 |  5.7
Spellcasting   | |  2.0

Action                   |  1- 3 |  4- 6 |  7- 9 | 10-12 | 13-15 | 16-18 | 19-21 | 22-24 || total
-------------------------+-------+-------+-------+-------+-------+-------+-------+-------++-------
Melee: Unarmed           |    72 |   130 |   265 |   377 |   789 |   614 |   831 |   619 ||  3697
       Constrict         |    18 |    22 |    12 |       |     2 |    29 |   147 |    67 ||   297
       Tentacles         |    18 |    18 |    21 |       |     2 |    71 |   325 |   246 ||   701
       Kick              |    12 |    21 |    10 |       |       |       |       |       ||    43
       Punch             |     3 |     4 |       |       |     1 |    38 |   105 |    98 ||   249
       Staff             |       |       |       |       |     3 |    14 |       |       ||    17
       Tailslap          |       |       |       |       |       |    58 |       |       ||    58
       Bite              |       |       |       |       |       |    44 |       |       ||    44
 Cast: Beastly Appendage |    24 |    23 |    10 |       |       |       |       |       ||    57
       Spider Form       |     1 |     8 |    22 |       |       |       |       |       ||    31
       Ice Form          |       |       |    10 |    51 |   128 |     4 |       |     1 ||   194
       Wereblood         |       |       |     1 |     2 |     3 |       |       |       ||     6
       Irradiate         |       |       |       |       |    80 |    77 |    67 |    58 ||   282
       Dragon Form       |       |       |       |       |       |    83 |       |       ||    83
       Statue Form       |       |       |       |       |       |    57 |   110 |   122 ||   289
       Iskenderun's Batt |       |       |       |       |       |       |       |     2 ||     2
Invok: Slouch            |       |       |       |     3 |    18 |     4 |    14 |    21 ||    60
       Step From Time    |       |       |       |       |       |     2 |     4 |     3 ||     9
 Abil: Breathe Fire      |       |       |       |       |       |    10 |       |       ||    10
Evoke: Wand              |       |       |     6 |    11 |    27 |     7 |       |     5 ||    56
       Condenser vane    |       |       |       |       |     2 |       |       |     1 ||     3
  Use: Scroll            |     3 |       |     7 |     5 |    17 |     8 |     8 |     8 ||    56
       Potion            |       |     2 |     5 |     2 |     5 |     3 |    10 |    10 ||    37
 Stab: Sleeping          |     8 |     4 |     5 |     3 |     7 |    10 |    12 |     8 ||    57
       Paralysed         |       |       |    11 |       |       |       |       |       ||    11
       Distracted        |       |       |       |     1 |       |     2 |     1 |     1 ||     5
Armor: Skin              |     8 |    47 |    28 |    96 |   292 |   331 |   484 |   565 ||  1851
Dodge: Dodged            |    35 |    96 |   186 |   285 |  1267 |  1152 |  1624 |  1372 ||  6017
Block: Other             |       |       |       |       |       |   163 |   303 |    63 ||   529
       Reflection        |       |       |       |       |       |    10 |    23 |     2 ||    35
       Buckler           |       |       |       |       |       |       |       |    93 ||    93

Table legend: (Time is in decaauts)
 A = Elapsed time spent in this place.
 B = Non-inter-level travel time spent in this place.
 C = Inter-level travel time spent in this place.
 D = Time resting spent in this place.
 E = Time spent auto-exploring this place.
 F = Levels seen in this place.
 G = Mean time per level.
                   A        B        C        D        E       F      G
               +--------+--------+--------+--------+--------+-----+--------+
         Total | 102374 |  94591 |   7783 |  21375 |  57079 |  50 | 2047.5 |
       Dungeon |  30750 |  27859 |   2891 |   4634 |  19588 |  15 | 2050.0 |
        Temple |    208 |    181 |     27 |      0 |    168 |   1 |  208.0 |
          Lair |  13689 |  12584 |   1105 |   3979 |   7371 |   6 | 2281.5 |
         Swamp |   8759 |   8507 |    252 |   1803 |   5222 |   4 | 2189.8 |
   Spider Nest |  11453 |  10864 |    589 |   2816 |   6276 |   4 | 2863.2 |
    Slime Pits |   1248 |   1129 |    119 |    602 |     59 |   5 |  249.6 |
  Orcish Mines |   4088 |   3845 |    243 |   1309 |   2082 |   2 | 2044.0 |
        Vaults |  18540 |  16896 |   1644 |   3856 |  10178 |   5 | 3708.0 |
        Depths |  10146 |   9236 |    910 |   1623 |   5682 |   4 | 2536.5 |
         Abyss |   2230 |   2230 |      0 |    444 |    144 |   2 | 1115.0 |
         Trove |    263 |    263 |      0 |      0 |     27 |   1 |  263.0 |
      Ice Cave |    994 |    994 |      0 |    307 |    277 |   1 |  994.0 |
               +--------+--------+--------+--------+--------+-----+--------+

Top non-repeatable levels by time:
Vaults:4: 5077 daAuts
Vaults:2: 4183 daAuts
Spider:3: 4063 daAuts
Vaults:3: 3516 daAuts
Depths:2: 3487 daAuts
Vaults:5: 3079 daAuts
    D:12: 3031 daAuts
  Lair:4: 2978 daAuts
  Lair:6: 2917 daAuts
    D:14: 2914 daAuts
     D:8: 2888 daAuts
Depths:1: 2793 daAuts
 Swamp:4: 2731 daAuts
Spider:2: 2725 daAuts
Vaults:1: 2683 daAuts
